cohdb
Replays
Latest Replays
All Replays
Popular Replays
Top Player Replays
Match Explorer
How It Works
Community
CoH3 Stats
Reddit
Sign in to upload your games and track your stats! →
Sign in with Steam
Match 43207967
Unlisted
Match 43207967
Overview
Messages
Build Orders
End
Construct Barracks
Riflemen Squad
Riflemen Squad
Scout Squad
M1 Mortar Team
Infantry Support Center
Selects Advanced Infantry Battlegroup
Selects Artillery Observers
Riflemen Squad
Advanced Logistics
Selects Convert to Ranger Squad
Convert to Ranger Squad
Selects Frontline Medical Station
Frontline Medical Station
Riflemen Squad
Convert to Ranger Squad
Construct Weapon Support Center
Survival Training
Improved M9 Bazooka Rockets
Selects Ranger Weapon Training
Convert to Ranger Squad
Bazooka Squad
Selects M2A1 105mm Howitzer Emplacement
Engineer Squad
Frontline Medical Station
Microsoft Outlook
deadsadbadmad
4ani
[NiP] SimplyBest
0
0
Comments
sign in to comment!
No comments posted yet!